 Dungeon Crawl Stone Soup version 0.28.0 (webtiles) character file.

Game seed: 16494164463009746093

431 MacCMillion the Summoner (level 6, -2/21 HPs)
             Began as a Felid Summoner on Feb 4, 2022.
             Was an Initiate of Gozag.
             Shot with an arrow by a centaur (8 damage)
             ... on level 5 of the Dungeon on Feb 5, 2022.
             The game lasted 00:35:11 (7677 turns).

MacCMillion the Summoner (Felid Summoner)           Turns: 7677, Time: 00:35:12

Health: -2/21      AC:  2    Str:  4    XL:     6   Next: 67%
Magic:  11/11      EV: 18    Int: 18    God:    Gozag
Gold:   457        SH:  0    Dex: 17    Spells: 0/11 levels left
                                        Lives:  0   Deaths: 2

rFire   . . .      SeeInvis +   (weapon unavailable)
rCold   . . .      Faith    .   (shield unavailable)
rNeg    . . .      Spirit   .   (armour unavailable)
rPois   .          Reflect  .   (helmet unavailable)
rElec   .          Harm     .   (cloak unavailable)
rCorr   .          Rampage  .   (gloves unavailable)
Will    .....                   (boots unavailable)
Stlth   ++........              (no amulet)
HPRegen 0.07/turn               (no ring)
MPRegen 0.12/turn               (no ring)

@: quick
A: very small, claws 1, fangs 3, see invisible, speed 1, shaggy fur 2, stealthy
paws, no weapons or thrown items, no armour, multi-lived, frail 1, no potion
heal 1, MP-powered wands
a: Renounce Religion, Potion Petition, Call Merchant, Bribe Branch


You were on level 5 of the Dungeon.
You worshipped Gozag.
Gozag was aware of your devotion.
You visited 2 branches of the dungeon, and saw 6 of its levels.
You also visited: Sewer.

You collected 506 gold pieces.
You paid 49 gold pieces to Gozag.

Inventory:

Wands
 n - a wand of paralysis (5)
Scrolls
 b - 3 scrolls of immolation {unknown}
 d - 2 scrolls of magic mapping
 f - a scroll of blinking {unknown}
 g - 2 scrolls of teleportation {unknown}
 i - a scroll of fog {unknown}
 j - a scroll of amnesia {unknown}
 l - a scroll of fear {unknown}
 m - 2 scrolls of vulnerability {unknown}
 p - 2 scrolls of noise {unknown}
 q - a scroll of acquirement {unknown}
 r - a scroll of enchant weapon {unknown}
Potions
 a - a potion of flight
 c - a potion of ambrosia {unknown}
 e - a potion of attraction {unknown}
 h - 2 potions of curing {unknown}
 k - a potion of haste {unknown}
 o - 3 potions of brilliance {unknown}
 s - a potion of magic {unknown}
 t - a potion of might {unknown}


   Skills:
 - Level 3.0 Dodging
 - Level 3.0 Stealth
 - Level 3.0 Spellcasting
 - Level 8.6 Summonings
 * Level 2.3 Air Magic


You couldn't memorise any spells.
You knew the following spells:

 Your Spells              Type           Power      Damage    Failure   Level
a - Summon Small Mammal   Summ           100%       N/A       1%          1
b - Call Canine Familiar  Summ           33%        N/A       1%          3
c - Summon Guardian Gole  Hex/Summ       18%        N/A       9%          3
d - Summon Lightning Spi  Summ/Air       22%        N/A       17%         4

Your spell library contained the following spells:

 Spells                   Type           Power      Damage    Failure   Level
 Call Imp                 Summ           33%        N/A       1%          2
 Corpse Rot               Necr/Air       12%        N/A       16%         2
 Poisonous Vapours        Pois/Air       12%        N/A       16%         2


Dungeon Overview and Level Annotations

Branches:
Dungeon (5/15)             Temple (1/1) D:5           Sewer (visited)

Altars:
Elyvilon
Gozag
Hepliaklqana
Makhleb
Nemelex Xobeh
Okawaru
Ru
Sif Muna
Trog
Uskayaw
Vehumet
Wu Jian
Yredelemnul

Annotations:
D:3 Sigmund


Innate Abilities, Weirdness & Mutations

You have sharp claws.
You have razor-sharp teeth.
You have supernaturally acute eyesight. (SInv)
You cover ground quickly. (Speed+)
You are covered in thick fur. (AC +2)
Your paws help you pounce on unaware monsters.
You are incapable of wielding weapons or throwing items.
You cannot wear armour.
You gain extra lives every three experience levels.
You are frail. (-10% HP)
Potions are less effective at restoring your health.
You expend magic power (3 MP) to strengthen your wands.


Message History

Magic restored.
You climb downwards.
There is a stone staircase leading up here.
Casting: Call Canine Familiar (safe; 1% risk of failure)
Confirm with . or Enter, or press ? or * to list all spells.
The orc throws a boomerang.
The boomerang completely misses you.
Your hound closely misses the orc.
The orc barely misses your hound.
Your hound closely misses the orc.
There is a stone staircase leading up here.
The orc hits your hound with a +0 flail!
Your hound bites the orc.
Your hound bites the orc.
The orc dies!
You swap places.
Things that are here:
5 gold pieces; a +0 flail; a boomerang You swap places.
The centaur shoots an arrow.
The arrow hits your hound!
Your hound dies!
Your hound's corpse disappears in a puff of smoke!
The centaur shoots an arrow.
The arrow closely misses you.
There is a stone staircase leading up here.
The centaur shoots an arrow.
The arrow hits you.
You climb upwards.
There is a stone staircase leading down here.
You start resting.
Magic restored.
You start resting.
HP restored.
There is an open door here.
There is an open door here.
There is an open door here.
There is an escape hatch in the floor here.
There is a stone staircase leading down here.
You climb downwards.
The centaur shoots an arrow.
The arrow hits you!
Ouch! That really hurt!
* * * LOW HITPOINT WARNING * * *
The centaur shoots an arrow.
The arrow hits you!
You die...
Your body crumbles into a pile of gold.

**,.......** *,.........#
*,.........# *,.........# ###
*,.........####..
*,.).............
########........#.!....
##.8.#..................
#......@........<.......
####8.>.8.#................
#######........##............>...
......#...#.8.##*........$.......
......#.......# *..........###.#.
..............#**#........###....
.(..Y...........,,....c...##...##
.c##8..8##.#.....,..###.####.#.#
☼§#.....8#.####................##


You could see a centaur.

Vanquished Creatures
  An iguana (D:2)
  A dart slug (D:1)
  A bat (D:1)
  A kobold (D:4)
4 creatures vanquished.

Vanquished Creatures (collateral kills)
  A phantom (D:4)
  2 wights (D:3)
  9 adders
  6 river rats
  An adder zombie (D:5)
  A worm (D:4)
  A dart slug (D:1)
  5 orcs
  13 ball pythons
  3 bats
  4 endoplasms
  A giant cockroach (D:5)
  2 goblins (D:1)
  7 hobgoblins
  7 jackals (D:1)
  3 quokkas
  4 frilled lizards
  23 kobolds
  33 rats
126 creatures vanquished.

Vanquished Creatures (others)
  A wyvern (D:4)
  A sky beast (D:5)
  A scorpion (D:4)
  A wight (D:3)
  A jelly (D:5)
  An iguana (D:2)
6 creatures vanquished.

Grand Total: 136 creatures vanquished

Notes
Turn   | Place    | Note
-------+----------+-------------------------------------------
     0 | D:1      | MacCMillion the Felid Summoner began the quest for the Orb.
     0 | D:1      | Reached XP level 1. HP: 7/7 MP: 4/4
   168 | D:1      | Reached XP level 2. HP: 9/11 MP: 3/6
   169 | D:1      | Upgraded the game from 0.28-b1-78-gc65acfa365 to 0.28.0
   801 | D:1      | Reached XP level 3. HP: 11/14 MP: 5/7
   805 | D:1      | Learned a level 3 spell: Call Canine Familiar
  2412 | D:2      | Reached XP level 4. HP: 18/18 MP: 0/9
  2669 | D:1      | Learned a level 3 spell: Summon Guardian Golem
  2706 | D:2      | Reached skill level 5 in Summonings
  3342 | D:3      | Noticed Sigmund
  3829 | D:3      | Reached XP level 5. HP: 21/21 MP: 6/10
  3921 | D:3      | Reached skill level 6 in Summonings
  4495 | D:3      | Killed from afar by an orc priest
  4496 | D:3      | Reached XP level 4. HP: -4/18 MP: 7/9
  4567 | D:4      | Reached XP level 5. HP: 9/21 MP: 1/10
  4669 | D:4      | Noticed a wyvern
  4680 | D:4      | Killed a wyvern
  4681 | D:4      | Reached skill level 7 in Summonings
  4681 | D:4      | Gained mutation: You are covered in thick fur. (AC +2)
                  | [Felid growth]
  4681 | D:4      | Reached XP level 6. HP: 10/24 MP: 7/11
  4686 | D:4      | Learned a level 4 spell: Summon Lightning Spire
  5694 | D:4      | Reached skill level 8 in Summonings
  6147 | D:5      | Entered Level 5 of the Dungeon
  6147 | D:5      | Noticed a sky beast
  6147 | D:5      | Found a staircase to the Ecumenical Temple.
  6153 | Temple   | Entered the Ecumenical Temple
  6183 | Temple   | Became a worshipper of Gozag Ym Sagoz the Greedy
  6217 | D:5      | Killed a sky beast
  6218 | D:5      | Reached XP level 7. HP: 27/27 MP: 4/12
  6223 | D:5      | Gained mutation: You are frail. (-10% HP) [potion of
                  | mutation]
  6223 | D:5      | Gained mutation: Potions are less effective at restoring
                  | your health. [potion of mutation]
  6223 | D:5      | Gained mutation: You expend magic power (3 MP) to
                  | strengthen your wands. [potion of mutation]
  6225 | D:5      | Shot with an arrow by a centaur
  6226 | D:5      | Reached XP level 6. HP: 0/21 MP: 5/11
  6311 | D:5      | Found a glowing drain.
  6338 | Sewer    | Entered a sewer
  6512 | Sewer    | Reached skill level 1 in Air Magic
  7677 | D:5      | Shot with an arrow by a centaur

Illustrated notes

Levels and vault maps discovered:
D:1:      scummos_arrival_simple_fountains, layout_loops_ring, minmay_cupped
D:2:      layout_loops_ring, roderic_roman_lattice
D:3:      layout_basic, dreamdust_ecumenical_altar_angels_and_demons,
          uniq_sigmund
D:4:      layout_basic
D:5:      layout_rooms, minitemple, minmay_temple_entry_statues_pillars,
          portal_sewer_entry_b
Temple:   mainiacjoe_temple_coin_purse

Skill      XL: |  1  2  3  4  5  6 |
---------------+-------------------+-----
Dodging        | 3 |  3.0
Stealth        | 3 |  3.0
Spellcasting   | 3 |  3.0
Summonings     | 5 7 8 |  8.6
Air Magic      | 2 |  2.3

Action                   |  1- 3 |  4- 6 |  7- 9 || total
-------------------------+-------+-------+-------++-------
Melee: Unarmed           |    11 |     4 |       ||    15
       Bite              |     1 |       |       ||     1
 Cast: Summon Small Mamm |    95 |    46 |       ||   141
       Call Canine Famil |     7 |    40 |       ||    47
       Summon Guardian G |       |     7 |       ||     7
  Use: Scroll            |       |     2 |     1 ||     3
       Potion            |       |       |     1 ||     1
 Stab: Sleeping          |     1 |       |       ||     1
Dodge: Dodged            |    25 |    21 |     1 ||    47
